 Dungeon Crawl Stone Soup version 0.22-a0-247-gbddf880 (webtiles) character file.

80 MatthieuS the Vexing (level 4, 0/35 HPs)
             Began as a Centaur Enchanter on Feb 27, 2018.
             Succumbed to an orc wizard's poison
             ... on level 3 of the Dungeon.
             The game lasted 00:06:09 (1958 turns).

MatthieuS the Vexing (Centaur Enchanter)            Turns: 1958, Time: 00:06:10

Health: 0/35       AC:  5    Str: 10    XL:     4   Next: 18%
Magic:  7/7        EV:  8    Int: 14    God:
Gold:   84         SH:  0    Dex: 11    Spells: 4/7 levels left

rFire    . . .     SeeInvis .   l - +0 spear
rCold    . . .     Gourm    .   (no shield)
rNeg     . . .     Faith    .   h - +0 ring mail (curse)
rPois    .         Spirit   .   (no helmet)
rElec    .         Reflect  .   (no cloak)
rCorr    .         Harm     .   (no gloves)
MR       .....                  (no barding)
Stlth    +.........             i - amulet of magic regeneration
HPRegen  0.11/turn              (no ring)
MPRegen  0.35/turn              (no ring)

@: lethally poisoned (0 -> -19), very slightly contaminated, very quick
A: large, hooves 3, deformed body, speed 2, tough skin 3
a: no special abilities


You were on level 3 of the Dungeon.
You were hungry.

You visited 1 branch of the dungeon, and saw 3 of its levels.

You collected 84 gold pieces.

Inventory:

Hand Weapons
 a - a +1 dagger
 l - a +0 spear (weapon)
 m - a +0 hunting sling
Missiles
 d - 114 stones (quivered)
 f - 31 sling bullets
 q - 38 arrows
Armour
 b - a +0 robe
 h - a cursed +0 ring mail (worn)
Jewellery
 i - an amulet of magic regeneration (around neck)
Scrolls
 e - a scroll of amnesia
 k - a scroll of blinking
 n - a scroll of remove curse
 o - a scroll of magic mapping {unknown}
Potions
 j - a potion of magic
Comestibles
 c - 3 rations
 g - a chunk of flesh


   Skills:
 + Level 1.3 Fighting
 - Level 1.3 Short Blades
 * Level 1.1 Polearms
 + Level 1.8 Dodging
 - Level 1.7 Stealth
 + Level 2.0 Spellcasting
 + Level 3.1 Hexes


You had 4 spell levels left.
You knew the following spells:

 Your Spells              Type           Power        Failure   Level  Hunger
a - Corona                Hex            ##.....      17%         1    ##.....
b - Ensorcelled Hibernat  Hex/Ice        #.....       43%         2    ###....


Dungeon Overview and Level Annotations

Branches:
Dungeon (3/15)

Altars:


Innate Abilities, Weirdness & Mutations

You have hooves in place of feet.
Armour fits poorly on your strangely shaped body.
You cover ground very quickly.
You have extremely tough skin. (AC +3)


Message History

* * * LOW HITPOINT WARNING * * *
You feel sick.
The orc wizard hits you with a dagger of venom.
* * * LOW HITPOINT WARNING * * *
You are more poisoned.
A goblin comes into view. It is wielding a club.
The goblin shouts!
You hit the orc wizard but do no damage.
The orc wizard is heavily wounded.
* * * LOW HITPOINT WARNING * * *
You feel sick.
The orc wizard hits you but does no damage.
Unknown command.
You barely miss the orc wizard. You kick the orc wizard.
The orc wizard is severely wounded.
* * * LOW HITPOINT WARNING * * *
You feel sick. The orc wizard barely misses you.
You hit the orc wizard. Your kick misses the orc wizard.
The orc wizard is almost dead.
You die...

. . . ...########
..#
.............####..#
....>####.........#
.....woo@.##..#####
.....o######....#
..... ###..# ...w
#..###### ?..
##......# ..
#.####.# . #..##
##.^# ##.###


You could see an orc wizard (invisible), a dart slug and 2 orcs.

Vanquished Creatures
  3 adders
  An ooze (D:1)
  A worm (D:3)
  3 orcs (D:3)
  9 bats
  A giant cockroach (D:1)
  3 goblins
  4 hobgoblins
  A quokka (D:2)
  A ball python (D:2)
  4 frilled lizards (D:1)
  7 kobolds
  7 rats
45 creatures vanquished.

Notes
Turn   | Place    | Note
-------+----------+-------------------------------------------
     0 | D:1      | MatthieuS the Centaur Enchanter began the quest for the Orb.
     0 | D:1      | Reached XP level 1. HP: 14/14 MP: 3/3
    63 | D:1      | Reached skill level 1 in Short Blades
   208 | D:1      | Reached XP level 2. HP: 22/22 MP: 2/4
   270 | D:1      | Learned a level 2 spell: Ensorcelled Hibernation
   935 | D:2      | Noticed Terence
  1054 | D:2      | Reached XP level 3. HP: 27/27 MP: 5/5
  1195 | D:2      | Reached skill level 1 in Fighting
  1203 | D:2      | Reached skill level 3 in Hexes
  1916 | D:3      | Reached skill level 1 in Polearms
  1937 | D:3      | Reached XP level 4. HP: 19/35 MP: 7/7
  1957 | D:3      | HP: 1/35 [poisoned by an orc wizard]
  1958 | D:3      | Succumbed to an orc wizard's poison

Vault maps used:
D:1:      scummos_arrival_hexagon
D:2:      uniq_terence
D:3:      dancing_weapons_uskayaw, chequers_ecumenical_altar_grove, first_ration

Skill      XL: |  1  2  3 |
---------------+----------+-----
Short Blades   | 1 |  1.3
Fighting       | 1 |  1.3
Hexes          | 3 |  3.1
Spellcasting   | 2 |  2.0
Polearms       | 1 |  1.1
Dodging        | |  1.8
Stealth        | |  1.7

Action                   |  1- 3 |  4- 6 || total
-------------------------+-------+-------++-------
Melee: Dagger            |    54 |       ||    54
       Kick              |    14 |     1 ||    15
       Spear             |   101 |    17 ||   118
 Cast: Corona            |    12 |     2 ||    14
  Use: Scroll            |     6 |       ||     6
       Potion            |     1 |     1 ||     2
  Eat: Chunk             |     2 |       ||     2
Armor: Robe              |    31 |       ||    31
       Ring mail         |    24 |     4 ||    28
       Chain mail        |     4 |       ||     4
Dodge: Dodged            |    64 |     7 ||    71

Table legend:
 A = Spawn XP
 B = Non-spawn XP
 C = Spawn XP percentage of total XP
 D = Spawn monster count
 E = Non-spawn monster count
 F = Spawn count percentage of total count
 G = Total turns spent on level
                    A         B        C        D         E        F      G
               +---------+---------+-------+---------+---------+-------+---------
         Total |       0 |     115 |   0.0 |       0 |      45 |   0.0 |  1958
               +---------+---------+-------+---------+---------+-------+---------
           D:1 |       0 |      37 |   0.0 |       0 |      21 |   0.0 |   808
           D:2 |       0 |      47 |   0.0 |       0 |      17 |   0.0 |  1072
           D:3 |       0 |      31 |   0.0 |       0 |       7 |   0.0 |    78
               +---------+---------+-------+---------+---------+-------+---------
